 Dungeon Crawl Stone Soup version 0.20.0-8-g6b59dc7 (webtiles) character file.

34 Chiseanne the Magician (level 3, 16/24 HPs)
             Began as a Demonspawn Wizard on June 2, 2017.
             Quit the game on level 2 of the Dungeon.
             The game lasted 00:01:17 (917 turns).

Chiseanne the Magician (Demonspawn Wizard)           Turns: 917, Time: 00:01:18

Health: 16/24      AC:  2    Str:  7    XL:     3   Next: 14%
Magic:  1/8        EV: 13    Int: 20    God:
Gold:   34         SH:  0    Dex: 11    Spells: 6/9 levels left

rFire    . . .     SeeInvis .   h - +0 dagger
rCold    . . .     Gourm    .   (no shield)
rNeg     . . .     Faith    .   a - +0 robe
rPois    .         Spirit   .   b - +0 hat
rElec    .         Reflect  .   (no cloak)
rCorr    .         Harm     .   (no gloves)
MR       .....                  (no boots)
Stlth    ++........             (no amulet)
Regen    0.1/turn               n - +1 ring of evasion
MPRegen  0.2/turn               (no ring)

@: no status effects
A: horns 1, powered by death 1
a: no special abilities


You were on level 2 of the Dungeon.
You were not hungry.

You visited 1 branch of the dungeon, and saw 2 of its levels.

You collected 34 gold pieces.

Inventory:

Hand Weapons
 h - a +0 dagger (weapon)
Missiles
 i - 30 stones (quivered)
 j - 26 arrows
 m - 8 poisoned needles
Armour
 a - a +0 robe (worn)
 b - a +0 hat (worn)
Jewellery
 n - a +1 ring of evasion (left hand)
Potions
 f - a potion of haste {unknown}
 k - a potion of invisibility {unknown}
 l - 2 potions of mutation {unknown}
Books
 c - a book of Minor Magic

   Spells                             Type                      Level
   a - Magic Dart                     Conjuration                  1
   b - Blink                          Translocation                2
   c - Call Imp                       Summoning                    2
   d - Slow                           Hexes                        2
   e - Conjure Flame                  Conjuration/Fire             3
   f - Mephitic Cloud                 Conjuration/Poison/Air       3
Comestibles
 d - 2 bread rations
 g - a royal jelly
 o - a chunk of flesh


   Skills:
 - Level 1.7 Dodging
 - Level 1.7 Stealth
 * Level 3.6 Spellcasting
 * Level 2.1 Conjurations
   Level 1.0 Summonings
 - Level 0.8 Translocations


You had 6 spell levels left.
You knew the following spells:

 Your Spells              Type           Power        Failure   Level  Hunger
a - Magic Dart            Conj           ##..         5%          1    None
b - Blink                 Tloc           N/A          14%         2    ##.....


Dungeon Overview and Level Annotations

Branches:
Dungeon (2/15)

Altars:


Innate Abilities, Weirdness & Mutations

You have a pair of small horns on your head.
You regenerate a little health from kills.


Message History

Aim: an adder (severely wounded)
The magic dart hits the adder.
The adder is almost dead.
The adder bites you but does no damage. The hobgoblin hits you.
The adder misses you.
Casting: Magic Dart
Confirm with . or Enter, or press ? or * to list all spells.
Aiming: Magic Dart
Press: ? - help, Shift-Dir - straight line, f/p - adder
Aim: an adder (almost dead)
The magic dart hits the adder.
You kill the adder!
Your Conjurations skill increases to level 2!
You have reached level 3!
Your experience leads to an increase in your attributes!
Increase (S)trength, (I)ntelligence, or (D)exterity?
You feel clever.
Your demonic ancestry asserts itself...
A pair of horns grows on your head! The hobgoblin hits you.
Are you sure you want to abandon this character and quit the game? (Confirm with "yes".)

#.. ##..
#...#######
##...g.....#
#..........#
##..........#
............#
#....g@....#
............#
.#....#######
.....# .###.
#


You could see 2 hobgoblins.

Vanquished Creatures
  An adder (D:2)
  An ooze (D:1)
  2 dart slugs (D:1)
  2 bats (D:1)
  A giant cockroach (D:1)
  2 hobgoblins (D:1)
  2 kobolds (D:1)
  3 frilled lizards (D:1)
  3 goblins (D:1)
  A rat (D:1)
18 creatures vanquished.

Notes
Turn   | Place    | Note
-------+----------+-------------------------------------------
     0 | D:1      | Chiseanne the Demonspawn Wizard began the quest for the Orb.
     0 | D:1      | Reached XP level 1. HP: 13/13 MP: 4/4
   366 | D:1      | Gained mutation: You regenerate a little health from kills. [demonic ancestry]
   366 | D:1      | Reached XP level 2. HP: 15/19 MP: 0/6
   900 | D:1      | Learned a level 2 spell: Blink
   916 | D:2      | Gained mutation: You have a pair of small horns on your head. [demonic ancestry]
   916 | D:2      | Reached XP level 3. HP: 20/24 MP: 1/8
   917 | D:2      | Quit the game

Skill      XL: |  1  2 |
---------------+-------+-----
Conjurations   | 2 |  2.1
Dodging        | |  1.7
Stealth        | |  1.7
Spellcasting   | |  3.6
Summonings     | |  1.0
Translocations | |  0.8

Action                   || total
-------------------------++-------
Melee: Dagger            ||    13
 Cast: Magic Dart        ||    42
  Use: Scroll            ||     2
Armor: Robe              ||     3
Dodge: Dodged            ||     9
